 Dungeon Crawl Stone Soup version 0.22-a0-113-gdd6f4a9 (webtiles) character file.

6723 sankara the Covert (level 10, 0/76 HPs)
             Began as a Vampire Enchanter on Jan 28, 2018.
             Was a Believer of Kikubaaqudgha.
             Killed from afar by an orc wizard (10 damage)
             ... with a puff of flame
             ... on level 9 of the Dungeon.
             The game lasted 01:09:08 (9539 turns).

sankara the Covert (Vampire Enchanter)              Turns: 9539, Time: 01:09:09

Health: 0/76       AC: -3    Str:  7    XL:     10   Next: 74%
Magic:  17/20      EV: 19    Int: 18    God:    Kikubaaqudgha [**....]
Gold:   365        SH:  0    Dex: 18    Spells: 0/23 levels left

rFire    . . .     SeeInvis +   a - +4 dagger (speed)
rCold    + + .     Gourm    .   (no shield)
rNeg     + + +     Faith    .   A - +1 robe {MR+}
rPois    ∞         Spirit   .   (no helmet)
rElec    .         Reflect  .   (no cloak)
rCorr    .         Harm     .   e - +0 pair of gloves
MR       ++...                  B - +0 pair of boots
Stlth    +++++++...             l - amulet of regeneration
HPRegen  0.00/turn              t - ring of wizardry
MPRegen  0.17/turn              F - ring of wizardry

@: corroded, bloodless, non-regenerating
A: fangs 3, see invisible, screaming 1, unbreathing
a: Bat Form, Receive Corpses, Renounce Religion


You were on level 9 of the Dungeon.
You worshipped Kikubaaqudgha.
Kikubaaqudgha was pleased with you.
You were bloodless.

You visited 1 branch of the dungeon, and saw 9 of its levels.

You collected 395 gold pieces.
You spent 30 gold pieces at shops.

Inventory:

Hand Weapons
 a - a +4 dagger of speed (weapon)
 h - a +2 whip of electrocution
 k - a +0 falchion
 x - a cursed +0 hunting sling
Missiles
 f - 256 stones (quivered)
 g - a throwing net
 r - 24 poisoned needles
 s - 58 sling bullets
 E - 9 tomahawks
Armour
 e - a +0 pair of gloves (worn)
 A - a +1 robe of magic resistance (worn)
 B - a +0 pair of boots (worn)
Magical Staves
 b - an uncursed staff of energy
Jewellery
 l - an amulet of regeneration (around neck)
 o - an uncursed ring of resist corrosion
 t - a ring of wizardry (left hand)
 F - a ring of wizardry (right hand)
Wands
 p - a wand of polymorph (16)
 v - a wand of flame (23)
 y - a wand of acid (1)
 I - a wand of clouds (5)
Scrolls
 j - 4 scrolls of remove curse
 m - 2 scrolls of teleportation
 q - 4 scrolls of amnesia
 D - 8 scrolls of identify
Potions
 d - 22 potions of blood
 i - a potion of heal wounds
 n - a potion of cancellation
 w - 2 potions of flight
 z - a potion of resistance {unknown}
 C - 4 potions of curing
 G - a potion of berserk rage {unknown}
 J - a potion of mutation {unknown}


   Skills:
 + Level 6.1 Fighting
 - Level 1.1(4.4) Short Blades
 + Level 6.3(6.4) Long Blades
 + Level 9.5 Dodging
 + Level 9.8 Stealth
 - Level 7.0 Spellcasting
 - Level 7.0 Hexes
 + Level 3.6 Necromancy


You couldn't memorise any spells.
You knew the following spells:

 Your Spells              Type           Power        Failure   Level  Hunger
a - Corona                Hex            ####...      1%          1    None
b - Ensorcelled Hibernat  Hex/Ice        ###...       1%          2    None
c - Confuse               Hex            ####....     1%          3    ##.....
d - Tukima's Dance        Hex            ####....     1%          3    ##.....
e - Dazzling Spray        Conj/Hex       ###...       2%          3    ##.....
f - Mephitic Cloud        Conj/Pois/Air  #.......     9%          3    ##.....
g - Corpse Rot            Necr           N/A          1%          2    None
h - Pain                  Necr           ###.         1%          1    None
i - Sublimation of Blood  Necr           ###.......   1%          2    None
j - Regeneration          Chrm/Necr      ##........   4%          3    ##.....


Dungeon Overview and Level Annotations

Branches:
Dungeon (8/15)             Temple (0/1) D:6
   Lair: D:8-11

Altars:
Cheibriados
Hepliaklqana
Kikubaaqudgha
Okawaru
Ru
Trog
Wu Jian
Yredelemnul
The Shining One

Shops:
D:5 !   D:6 !


Innate Abilities, Weirdness & Mutations

You do not heal naturally.
You are immune to poison.
You have razor-sharp teeth.
You have supernaturally acute eyesight. (SInv)
You can survive without breathing.
You occasionally shout uncontrollably at your foes.


Message History

* * * LOW HITPOINT WARNING * * *
The orc wizard looks satisfied for a moment.
The orc misses you. The bullfrog barely misses you.
Okay, then.
Use e to drain blood from corpses.
Casting: Ensorcelled Hibernation (safe; 1% risk of failure)
Confirm with . or Enter, or press ? or * to list all spells.
Okay, then.
It was a potion of magic.
Magic courses through your body.
You feel devoid of blood! The orc wizard misses you. The jelly misses you.
The bullfrog completely misses you. The orc closely misses you.
Casting: Ensorcelled Hibernation (safe; 1% risk of failure)
Confirm with . or Enter, or press ? or * to list all spells.
Your skin crawls.
The orc wizard closely misses you. The bullfrog misses you.
The jelly completely misses you. The orc wizard casts a spell at you.
The puff of flame hits you!
You die...
Kikubaaqudgha rasps: "You have failed me!
Welcome... oblivion!"

*,**,,,,,,,,,,,,,,,,,*,*
*,*
,,**,*******,*******,,,*
*,* ****,* *,* *,*** *,*
*,* *,* *,** *,* *,* *,*
*,,* *,* *,* *,* *,,* *,*
*,* *,* *,,* *,* *,*
#.#######..# *,* *,*
****#..)F@J....#*******,*
*,*
*(.....)oo###$...,,,,,,,*
*,* *.###.#####
**,*#*,****** ****,***,*
#,* *,* *,* ,,,,,,,*,*
*,* *,* *,* **,***,*,*
*,* *,***,** **,* *,*,*
*,********,,,,*,*
*,***,*,*
*,,,,,,,,,,,**,**
*,,,*,*,*
**********,,****


You could see a bullfrog, a jelly, an orc wizard and an orc.

Vanquished Creatures
  A two-headed ogre (D:7)
  Pikel (D:5)
  2 kobold demonologists (D:7)
  A hornet (D:8)
  Prince Ribbit (D:5)
  Grinder (D:3)
  A hippogriff (D:7)
  Eustachio (D:5)
  A human (D:7)
  A hungry ghost (D:7)
  4 hogs (D:7)
  Menkaure (D:4)
  Edmund (D:5)
  2 sky beasts
  2 slaves (D:5)
  An orc warrior (D:7)
  3 ice beasts
  4 ogres
  A phantom (D:6)
  A centaur (D:6)
  A big kobold (D:7)
  3 bullfrogs
  4 scorpions
  6 howler monkeys
  2 crimson imps
  4 centaur zombies
  A hound (D:5)
  8 orc priests
  2 centaur skeletons
  10 orc wizards
  A bullfrog skeleton (D:6)
  Jessica (D:2)
  Terence (D:2)
  Natasha (thrice) (D:4)
  2 iguanas
  5 worker ants
  A hound zombie (D:7)
  A hound skeleton (D:4)
  A worker ant zombie (D:6)
  10 adders
  3 shadow imps (D:7)
  2 oozes
  An adder skeleton (D:4)
  A worm (D:2)
  3 dart slugs
  2 leopard geckos
  22 orcs
  2 ball pythons (D:4)
  2 bats
  2 giant cockroaches
  8 goblins
  2 hobgoblins
  10 jackals
  6 kobolds
  5 quokkas
  2 frilled lizards (D:2)
  A giant cockroach zombie (D:4)
  2 jackal skeletons (D:4)
  A jackal zombie (D:8)
  A quokka skeleton (D:6)
  7 rats
183 creatures vanquished.

Vanquished Creatures (collateral kills)
  An orc warrior (D:8)
  An orc priest (D:8)
2 creatures vanquished.

Grand Total: 185 creatures vanquished

Notes
Turn   | Place    | Note
-------+----------+-------------------------------------------
     0 | D:1      | sankara the Vampire Enchanter began the quest for the Orb.
     0 | D:1      | Reached XP level 1. HP: 13/13 MP: 3/3
   260 | D:1      | Reached XP level 2. HP: 19/19 MP: 5/5
   264 | D:1      | Learned a level 2 spell: Ensorcelled Hibernation
   870 | D:2      | Reached skill level 5 in Stealth
   901 | D:2      | Reached skill level 5 in Hexes
   902 | D:2      | Noticed Terence
   914 | D:2      | Killed Terence
   914 | D:2      | Reached XP level 3. HP: 24/24 MP: 1/7
  1191 | D:2      | Reached XP level 4. HP: 30/30 MP: 8/8
  1201 | D:2      | Learned a level 3 spell: Confuse
  1213 | D:2      | Noticed Jessica
  1217 | D:2      | Killed Jessica
  1412 | D:2      | Reached XP level 5. HP: 22/35 MP: 3/9
  2005 | D:3      | Noticed Grinder
  2011 | D:3      | Killed Grinder
  2011 | D:3      | Reached XP level 6. HP: 41/41 MP: 7/11
  2020 | D:3      | Learned a level 3 spell: Tukima's Dance
  2527 | D:3      | Noticed an ice beast
  2671 | D:3      | Killed an ice beast
  2787 | D:3      | Reached XP level 7. HP: 46/46 MP: 10/13
  3025 | D:4      | Noticed Natasha
  3035 | D:4      | Killed Natasha
  3109 | D:4      | Noticed Natasha
  3121 | D:4      | Killed Natasha
  3137 | D:4      | Noticed Natasha
  3262 | D:4      | Killed Natasha
  3484 | D:4      | Reached skill level 5 in Spellcasting
  3738 | D:4      | Found a transporter.
  3743 | D:4      | Found a transporter.
  3765 | D:4      | Found a basalt altar of Yredelemnul.
  3769 | D:4      | Noticed Menkaure
  3775 | D:4      | Found an ancient bone altar of Kikubaaqudgha.
  3856 | D:4      | Found a bloodstained altar of Trog.
  4004 | D:5      | Entered Level 5 of the Dungeon
  4066 | D:5      | Noticed Prince Ribbit
  4103 | D:5      | Killed Prince Ribbit
  4103 | D:5      | Reached skill level 5 in Dodging
  4103 | D:5      | Reached XP level 8. HP: 52/52 MP: 0/16
  4111 | D:5      | Noticed Edmund
  4228 | D:5      | Found Umiwizen's Distillery.
  4236 | D:5      | Bought a potion of curing for 30 gold pieces
  4333 | D:5      | Killed Edmund
  4527 | D:5      | Noticed Pikel
  4537 | D:5      | Killed Pikel
  4598 | D:5      | Learned a level 3 spell: Dazzling Spray
  4763 | D:5      | Reached skill level 1 in Fighting
  5058 | D:5      | Found an ornate altar of the Wu Jian Council.
  5058 | D:5      | Found an iron altar of Okawaru.
  5058 | D:5      | Noticed Eustachio
  5063 | D:5      | Killed Eustachio
  5063 | D:5      | Reached XP level 9. HP: 61/61 MP: 19/19
  5066 | D:5      | Found a faded altar of an unknown god.
  5068 | D:5      | Found a glowing golden altar of the Shining One.
  5069 | D:5      | Found a snail-covered altar of Cheibriados.
  5358 | D:4      | Killed Menkaure
  5358 | D:4      | Reached skill level 1 in Long Blades
  5405 | D:4      | Became a worshipper of Kikubaaqudgha
  5751 | D:6      | Found a bloodstained altar of Trog.
  5849 | D:6      | Found a staircase to the Ecumenical Temple.
  6097 | D:6      | Found Ustran's Distillery.
  6442 | D:7      | Noticed a two-headed ogre
  6880 | D:7      | Found a transporter.
  6883 | D:7      | Noticed a kobold demonologist
  6889 | D:7      | Noticed a kobold demonologist
  6895 | D:7      | Found a transporter.
  6916 | D:7      | Learned a level 3 spell: Mephitic Cloud
  7113 | D:7      | Reached * piety under Kikubaaqudgha
  7113 | D:7      | Identified Kikubaaqudgha's Compendium of Black Secrets (Kikubaaqudgha gifted it to you on level 7 of the Dungeon)
  7113 | D:7      | Received a gift from Kikubaaqudgha
  7137 | D:7      | Learned a level 2 spell: Corpse Rot
  7196 | D:7      | Killed a two-headed ogre
  7196 | D:7      | Reached XP level 10. HP: 21/73 MP: 6/20
  7413 | D:7      | Reached skill level 5 in Fighting
  7428 | D:7      | Reached skill level 5 in Long Blades
  7451 | D:7      | Learned a level 1 spell: Pain
  7454 | D:7      | Learned a level 2 spell: Sublimation of Blood
  7458 | D:7      | Learned a level 3 spell: Regeneration
  7517 | D:7      | Reached skill level 1 in Necromancy
  7962 | D:7      | Found a hazy altar of Hepliaklqana.
  8048 | D:7      | Gained mutation: You occasionally shout uncontrollably at your foes. [a neqoxec]
  8855 | D:8      | Found a sacrificial altar of Ru.
  8871 | D:8      | Reached ** piety under Kikubaaqudgha
  9509 | D:8      | You fall through a shaft!
  9539 | D:9      | Killed from afar by an orc wizard

Vault maps used:
D:1:      minmay_arrival_semitransparent
D:2:      uniq_terence, uniq_jessica
D:3:      minivault_27, uniq_grinder
D:4:      gammafunk_temple_of_torment, old_standard_altar, first_ration,
          uniq_natasha
D:5:      chequers_temple_overflow_minitemple, serial_shops, shop,
          uniq_eustachio, uniq_edmund, uniq_pikel, uniq_prince_ribbit1,
          uniq_menkaure
D:6:      temple_hall, serial_shops, nicolae_shop_competitors_out_of_business,
          bloody_trog
D:7:      gammafunk_wand_slinger, kennysheep_mini_moat, grunt_livestock
D:8:      nicolae_overflow_crystal_walls, hex_medium
D:9:      nicolae_qazlal_style_of_elements, minmay_statues_item, uniq_psyche

Skill      XL: |  1  2  3  4  5  6  7  8  9 10 |
---------------+-------------------------------+-----
Stealth        | 5 6 7 8 9 |  9.8
Hexes          | 5 6 7 |  7.0
Spellcasting   | 3 4 5 7 |  7.0
Dodging        | 3 5 7 9 |  9.5
Fighting       | 1 4 6 |  6.1
Long Blades    | 4 6 |  6.3
Necromancy     | 3 |  3.6
Short Blades   | |  1.1

Action                   |  1- 3 |  4- 6 |  7- 9 | 10-12 || total
-------------------------+-------+-------+-------+-------++-------
Melee: Dagger            |    37 |    78 |   179 |    83 ||   377
       Bite              |     4 |    11 |    14 |    10 ||    39
       Unarmed           |       |       |     1 |       ||     1
 Cast: Corona            |     2 |       |       |       ||     2
       Ensorcelled Hiber |    13 |    24 |    91 |    44 ||   172
       Confuse           |       |     4 |    13 |     5 ||    22
       Pain              |       |       |       |     6 ||     6
       Corpse Rot        |       |       |       |     6 ||     6
       Tukima's Dance    |       |       |       |     3 ||     3
       Regeneration      |       |       |       |     2 ||     2
       Dazzling Spray    |       |       |       |     2 ||     2
 Abil: End Transformatio |       |       |     1 |       ||     1
       Bat Form          |       |       |     1 |       ||     1
Evoke: Wand              |       |       |       |    20 ||    20
  Use: Potion            |       |     1 |    11 |     4 ||    16
       Scroll            |       |       |    11 |     3 ||    14
 Stab: Sleeping          |    10 |    27 |    67 |    31 ||   135
       Distracted        |     1 |       |     3 |       ||     4
       Confused          |       |     3 |     3 |     5 ||    11
Armor: Robe              |     4 |     9 |    15 |     7 ||    35
Dodge: Dodged            |    28 |    52 |   110 |   110 ||   300

Table legend:
 A = Spawn XP
 B = Non-spawn XP
 C = Spawn XP percentage of total XP
 D = Spawn monster count
 E = Non-spawn monster count
 F = Spawn count percentage of total count
 G = Total turns spent on level
                    A         B        C        D         E        F      G
               +---------+---------+-------+---------+---------+-------+---------
         Total |       0 |    9605 |   0.0 |       0 |     183 |   0.0 |  9539
               +---------+---------+-------+---------+---------+-------+---------
           D:1 |       0 |      18 |   0.0 |       0 |       6 |   0.0 |   866
           D:2 |       0 |     258 |   0.0 |       0 |      29 |   0.0 |  1135
           D:3 |       0 |     524 |   0.0 |       0 |      18 |   0.0 |  1139
           D:4 |       0 |     702 |   0.0 |       0 |      28 |   0.0 |  1132
           D:5 |       0 |    1799 |   0.0 |       0 |      15 |   0.0 |  1210
           D:6 |       0 |     808 |   0.0 |       0 |      18 |   0.0 |  1032
           D:7 |       0 |    4445 |   0.0 |       0 |      43 |   0.0 |  2116
           D:8 |       0 |     880 |   0.0 |       0 |      20 |   0.0 |   879
           D:9 |       0 |     171 |   0.0 |       0 |       6 |   0.0 |    30
               +---------+---------+-------+---------+---------+-------+---------
